 Dungeon Crawl Stone Soup version 0.31-a0-1227-g0136665373 (webtiles) character file.

Game seed: 14225994256935774116

83 MachoJfn the Chopper (level 4, -3/34 HPs)
             Began as a Demonspawn Gladiator on Dec 14, 2023.
             Was a High Priest of Ignis.
             Slain by an orc
             ... wielding a +0 flail
              (6 damage)
             ... on level 3 of the Dungeon.
             The game lasted 00:08:18 (2260 turns).

MachoJfn the Chopper (Demonspawn Gladiator)         Turns: 2260, Time: 00:08:19

Health: -3/34      AC: 10    Str: 17    XL:     4   Next: 22%
Magic:  4/4        EV:  8    Int:  8    God:    Ignis [*****.]
Gold:   116        SH:  0    Dex: 14    Spells: 3/3 levels left

rFire   + . .        a - +0 war axe
rCold   . . .        (no shield)
rNeg    . . .        b - +0 chain mail
rPois   .            o - +0 hat {Stlth+}
rElec   .            (no cloak)
rCorr   .            (no gloves)
SInv    .            (no boots)
Will    .....        (no amulet) Stlth
                     (no ring)
HPRegen 0.25/turn    (no ring)
MPRegen 0.09/turn

%: no passive effects
@: no status effects
A: yellow scales 1, demonic guardian 1
a: Renounce Religion, Fiery Armour, Foxfire Swarm, Rising Flame


You were on level 3 of the Dungeon.
You worshipped Ignis.
Ignis was extremely pleased with you.
You visited 1 branch of the dungeon, and saw 3 of its levels.

You collected 116 gold pieces.

Inventory:

Hand Weapons
 a - a +0 war axe (weapon)
Missiles
 d - 3 throwing nets (quivered)
 e - a javelin
 g - 14 stones
Armour
 b - a +0 chain mail (worn)
 c - a +0 helmet
 o - a +0 hat of stealth (worn)
Jewellery
 i - a ring of wizardry
Scrolls
 j - a scroll of teleportation {unknown}
 k - 2 scrolls of vulnerability {unknown}
 n - a scroll of enchant armour {unknown}
 p - a scroll of blinking {unknown}
Potions
 f - a potion of mutation
 h - a potion of heal wounds
 l - a potion of brilliance {unknown}
 m - a potion of enlightenment {unknown}


   Skills:
 + Level 2.4 Fighting
 + Level 3.8 Axes
 + Level 1.9 Throwing
 + Level 0.7 Armour
 + Level 3.1 Dodging


You had 3 spell levels left.
You didn't know any spells.
Your spell library contained the following spells:

 Spells                   Type           Power      Damage    Failure   Level
 Scorch                   Fire           0%         2d5       100%        2
 Ozocubu's Armour         Ice            0%         N/A       100%        3
 Flame Wave               Conj/Fire      0%         2d4       100%        4
 Metabolic Englaciation   Hex/Ice        0%         N/A       100%        5
 Simulacrum               Ice/Necr       0%         N/A       100%        6
 Summon Cactus Giant      Summ           0%         N/A       100%        6


Dungeon Overview and Level Annotations

Branches:
Dungeon (3/15)

Altars:
Ignis


Innate Abilities, Weirdness & Mutations

You are partially covered in yellow scales. (AC +2)
A weak demonic guardian rushes to your aid.


Message History

The orc completely misses you. The orc hits you but does no damage.
Cleave: a) +0 war axe
Press: ? - help, Dir - move target, f/p - orc priest
Aim: an orc priest, wielding a +0 club (heavily wounded, about 43% to evade your +0 war axe)
You barely miss the orc priest.
The orc priest is heavily wounded.
You closely miss the orc. You hit the orc but do no damage.
The orc priest calls upon Beogh to heal the orc.
The orc's wounds heal themselves!
The orc hits you but does no damage.
The orc hits you with a +0 short sword of speed.
The orc closely misses you. The orc priest barely misses you.
The orc closely misses you.
Cleave: a) +0 war axe
Press: ? - help, Dir - move target, f/p - orc priest
Aim: an orc priest, wielding a +0 club (heavily wounded, about 43% to evade your +0 war axe)
You closely miss the orc priest.
The orc priest is heavily wounded.
You hit the orc. x2
You kill the orc!
The orc priest barely misses you. The orc hits you with a +0 flail.
Unknown command.
Cleave: a) +0 war axe
Press: ? - help, Dir - move target, f/p - orc priest
Aim: an orc priest, wielding a +0 club (heavily wounded, about 43% to evade your +0 war axe)
You hit the orc priest.
The orc priest is almost dead.
You hit the kobold but do no damage. You hit the orc but do no damage.
The orc priest miscasts a cantrip.
The kobold hits you but does no damage. The orc hits you with a +0 flail!
* * * LOW HITPOINT WARNING * * *
Cleave: a) +0 war axe
Press: ? - help, Dir - move target, f/p - orc priest
Aim: an orc priest, wielding a +0 club (almost dead, about 43% to evade your +0 war axe)
You hit the orc priest.
You kill the orc priest!
You barely miss the orc. You hit the kobold but do no damage.
The kobold hits you but does no damage. The orc hits you with a +0 flail.
* * * LOW HITPOINT WARNING * * *
A demonic guardian appears!
The orc hits you with a +0 flail.
You die...

#.. .
#.##..#
#.##..##
##.##...
###.....#
.......#
#Ko##.#
#)@##.#
#...5.#
##.##.#
####
#.##.#
...#
..##.#
...#
#####.#
...# #.#
#.# ####
#.# #.#
#.# #.#


You could see an orc, a kobold (ally target) and a friendly ufetubus (summoned).

Vanquished Creatures
  An orc priest (D:3)
  2 adders
  A worm (D:3)
  9 orcs
  8 bats
  5 endoplasms
  3 hobgoblins (D:2)
  4 kobolds
  3 quokkas (D:1)
  3 ball pythons (D:1)
  A frilled lizard (D:1)
  6 goblins
  8 rats
54 creatures vanquished.

Notes
Turn   | Place    | Note
-------+----------+-------------------------------------------
     0 | D:1      | MachoJfn the Demonspawn Gladiator began the quest for the
                  | Orb.
     0 | D:1      | Reached XP level 1. HP: 16/16 MP: 1/1
   189 | D:1      | Gained mutation: You are partially covered in yellow
                  | scales. (AC +2) [demonic ancestry]
   189 | D:1      | Reached XP level 2. HP: 22/22 MP: 2/2
   994 | D:2      | Gained mutation: A weak demonic guardian rushes to your
                  | aid. [demonic ancestry]
   994 | D:2      | Reached XP level 3. HP: 9/27 MP: 3/3
  1790 | D:2      | Found a faded altar of an unknown god.
  1820 | D:2      | Prayed at the altar of an unknown god.
  1820 | D:2      | Became a worshipper of Ignis, the Dying Flame
  2020 | D:3      | Reached XP level 4. HP: 23/34 MP: 4/4
  2260 | D:3      | Slain by an orc

Illustrated notes

Levels and vault maps discovered:
D:1:      lightli_arrival_flooded_house, layout_basic
D:2:      layout_loops_ring, hellmonk_ecumenical_altar_defaced_shrine,
          minmay_liquid_box
D:3:      layout_basic, st_stairs_7

Skill      XL: |  1  2 |
---------------+-------+-----
Axes           | 3 |  3.8
Dodging        | 3 |  3.1
Fighting       | |  2.4
Throwing       | |  1.9
Armour         | |  0.7

Action                     |  1- 3 |  4- 6 || total
---------------------------+-------+-------++-------
  Melee: War axe           |   142 |    22 ||   164
         Punch             |     1 |     1 ||     2
    Use: Scroll            |     3 |       ||     3
 Armour: Leather armour    |    16 |       ||    16
         Scale mail        |    32 |       ||    32
         Chain mail        |   106 |    36 ||   142
  Dodge: Dodged            |    98 |    19 ||   117

Table legend: (Time is in decaauts)
 A = Elapsed time spent in this place.
 B = Non-inter-level travel time spent in this place.
 C = Inter-level travel time spent in this place.
 D = Time resting spent in this place.
 E = Time spent auto-exploring this place.
 F = Levels seen in this place.
 G = Mean time per level.
                   A        B        C        D        E       F      G
               +--------+--------+--------+--------+--------+-----+--------+
         Total |   2317 |   2169 |    148 |    175 |   1331 |   3 |  772.3 |
       Dungeon |   2317 |   2169 |    148 |    175 |   1331 |   3 |  772.3 |
               +--------+--------+--------+--------+--------+-----+--------+

Top non-repeatable levels by time:
     D:1: 1004 daAuts
     D:2: 910 daAuts
     D:3: 402 daAuts
